 Dungeon Crawl Stone Soup version 0.31-a0-190-g4feb4907b2 (webtiles) character file.

Game seed: 6240737842947988751

12503 qw the Markself (level 11, -11/67 HPs)
             Began as a Deep Elf Hunter on June 23, 2023.
             Was a High Priest of Okawaru.
             Mangled by an orc warrior
             ... wielding a +0 mace
              (12 damage)
             ... on level 11 of the Dungeon.
             The game lasted 00:04:05 (7970 turns).

qw the Markself (Deep Elf Hunter)                   Turns: 7970, Time: 00:04:06

Health: -11/67     AC: 14    Str: 10    XL:     11   Next: 63%
Magic:  18/20      EV: 19    Int: 15    God:    Okawaru [*****.]
Gold:   731        SH:  0    Dex: 20    Spells: 10/10 levels left

rFire   . . .        Y - +2 orcbow
rCold   . . .        (shield currently unavailable)
rNeg    . . .        c - +0 ring mail "Funar" {+Inv rElec Will- rCorr}
rPois   +            (no helmet)
rElec   +            (no cloak)
rCorr   +            (no gloves)
SInv    .            k - +2 pair of boots
Will    .....        (no amulet)
Stlth   +++          n - ring of poison resistance
HPRegen 0.31/turn    j - +4 ring of protection
MPRegen 0.17/turn

%: no passive effects
@: lethally poisoned (-11 -> -15), about to teleport, heroic
A: no striking features
a: Renounce Religion, Evoke Invisibility, Heroism, Finesse, Duel


You were on level 11 of the Dungeon.
You worshipped Okawaru.
Okawaru was extremely pleased with you.
You visited 1 branch of the dungeon, and saw 11 of its levels.

You collected 731 gold pieces.


   Skills:
 - Level 7.0(12.0) Fighting
 - Level 16.0(21.0) Ranged Weapons
 - Level 3.1(8.1) Armour
 + Level 9.4(14.4) Dodging
 - Level 1.2(6.2) Stealth
 + Level 9.4 Invocations


You had 10 spell levels left.
You didn't know any spells.
Your spell library was empty.

Inventory:

Hand Weapons
 Y - a +2 orcbow (weapon)
Armour
 c - the +0 ring mail "Funar" (worn) {+Inv rElec Will- rCorr}
   (You found it on level 2 of the Dungeon)

   rElec:     It insulates you from electricity.
   +Inv:      It lets you turn invisible.
   rCorr:     It protects you from acid and corrosion.
   Will:      It decreases your willpower.
 e - a +0 leather armour of fire resistance
 f - a +0 ring mail
 k - a +2 pair of boots (worn)
Jewellery
 j - a +4 ring of protection (right hand)
 m - a ring of protection from cold
 n - a ring of poison resistance (left hand)
 q - a ring of willpower
Scrolls
 a - a scroll of identify
 p - a scroll of enchant armour
Potions
 d - a potion of haste
 g - a potion of brilliance {unknown}
 h - a potion of might
 i - 2 potions of curing
 l - a potion of mutation
 o - a potion of berserk rage {unknown}

Dungeon Overview and Level Annotations

Branches:
Dungeon (11/15)            Temple (0/1) D:7             Orc (0/2) D:10
   Lair: D:8-11

Altars:
Cheibriados
Elyvilon
Fedhas
Makhleb
Okawaru
Ru
Sif Muna
Uskayaw
Vehumet
Xom


Message History

The orc warrior misses you. x2
You shoot an arrow.
The arrow closely misses the orc warrior.
The arrow hits the orc warrior but does no damage.
The orc warrior hits you but does no damage.
The orc warrior completely misses you.
You shoot an arrow.
The arrow closely misses the orc warrior.
The arrow hits the orc warrior.
The orc warrior is lightly wounded.
The orc warrior hits you with a +2 war axe of venom.
You are poisoned.
The orc warrior hits you but does no damage.
You shoot an arrow. The arrow hits the orc warrior!
You kill the orc warrior!
Okawaru accepts your kill.
You feel very sick.
You shoot an arrow. The arrow hits the orc warrior!
The orc warrior is heavily wounded.
You feel very sick.
The orc warrior hits you but does no damage.
7967 ||| READING scroll of teleportation.
As you read the scroll of teleportation, it crumbles to dust.
You feel strangely unstable.
You feel sick. The orc warrior completely misses you.
The orc warrior misses you.
You shoot an arrow.
The arrow closely misses the orc warrior.
You feel sick. The orc warrior completely misses you.
The orc warrior hits you with a +0 mace.
You shoot an arrow. The arrow hits the orc warrior!
The orc warrior is severely wounded.
You feel like a meek peon again.
You feel sick. The orc warrior closely misses you.
The orc warrior hits you from afar with a +0 halberd!
7970 ||| INVOKING Heroism.
You gain the combat prowess of a mighty hero.
You feel sick.
The orc warrior hits you with a +0 mace!
You die...

###c## .o..K... #.
#.PY... #. ..hoC.
## .hc. ...###
#.##.#
#######o##.########
.....)..o@.........
##########.########
#.# #.# #.# #.# #.#
#.# #.#


You could see 2 orc warriors.

Vanquished Creatures
  A two-headed ogre (D:10)
  A cyclops (D:11)
  A kobold demonologist (D:11)
  A yaktaur (D:11)
  A komodo dragon (D:10)
  2 trolls
  Prince Ribbit (D:8)
  Grinder (D:3)
  A vampire (D:9)
  18 yaks
  3 wyverns
  Grum (D:8)
  7 vampire mosquitoes
  Menkaure (D:6)
  A steam dragon (D:7)
  2 wargs (D:11)
  2 water moccasins (D:8)
  An ice beast (D:6)
  3 orc warriors
  4 black bears
  A sky beast (D:8)
  4 wolves (D:8)
  7 centaurs
  2 phantoms
  5 kobold brigands
  4 bullfrogs
  2 scorpions (D:6)
  A gnoll sergeant (D:7)
  3 wights (D:5)
  25 killer bees
  5 howler monkeys
  4 hounds
  2 jellies
  An iron imp (D:8)
  2 sleepcaps (D:4)
  2 orc priests
  3 gnoll boudas
  2 iguanas
  9 orc wizards
  9 adders
  13 gnolls
  A white imp (D:7)
  2 ufetubi
  4 dart slugs
  31 orcs
  10 ball pythons
  3 endoplasms
  4 giant cockroaches
  11 goblins
  9 hobgoblins
  6 jackals
  21 kobolds
  6 quokkas
  4 bats
  2 frilled lizards (D:1)
  4 rats
277 creatures vanquished.

Notes
Turn   | Place    | Note
-------+----------+-------------------------------------------
     0 | D:1      | qw the Deep Elf Hunter began the quest for the Orb.
     0 | D:1      | Reached XP level 1. HP: 12/12 MP: 3/3
     0 | D:1      | 0 ||| qw: Version: 0.3-a-9-g12657ce
     0 | D:1      | 0 ||| qw: Game counter: 4525
     0 | D:1      | 0 ||| qw: Always use a shield: true
     0 | D:1      | 0 ||| qw: God list: Okawaru
     0 | D:1      | 0 ||| qw: Allow faded altars: false
     0 | D:1      | 0 ||| qw: Do Orc after D:15 true
     0 | D:1      | 0 ||| qw: Do second Lair branch before Depths: true
     0 | D:1      | 0 ||| qw: Lair rune preference: random
     0 | D:1      | 0 ||| qw: Plans: Normal
     0 | D:1      | 0 ||| PLANNING D:1-11
    69 | D:1      | Reached XP level 2. HP: 16/16 MP: 4/4
   100 | D:1      | Reached skill level 6 in Ranged Weapons
   187 | D:1      | 187 ||| FLEEEEING.
   396 | D:1      | Reached XP level 3. HP: 20/20 MP: 5/5
   520 | D:1      | 520 ||| UPGRADING to +0 ring mail.
   530 | D:1      | 530 ||| DROPPING +0 leather armour.
   531 | D:1      | 531 ||| READING scroll labelled BOXTIL JUGI.
   532 | D:1      | 532 ||| READING scroll labelled TEOSAI XETZIHU.
   533 | D:1      | 533 ||| READING scroll labelled SAFUKI KUNN.
   534 | D:1      | 534 ||| READING scroll labelled QOUFYS JOUGRA.
   535 | D:1      | 535 ||| DROPPING scroll of butterflies.
   809 | D:2      | Reached skill level 7 in Ranged Weapons
   836 | D:2      | Identified the +0 ring mail "Funar" {+Inv rElec Will-
                  | rCorr}
  1292 | D:2      | 1292 ||| UPGRADING to +0 ring mail "Funar" {+Inv rElec
                  | Will- rCorr}.
  1302 | D:2      | 1302 ||| READING scroll labelled MEL TAMYFE.
  1302 | D:2      | Identified a scroll of acquirement
  1302 | D:2      | 1302 ||| ACQUIRING +11 shortbow of the Extremes {drain, rC-
                  | Str+6}
  1302 | D:2      | Acquired the +11 shortbow of the Extremes {drain, rC-
                  | Str+6}
  1304 | D:2      | 1304 ||| SWAPPING to +11 shortbow of the Extremes {drain,
                  | rC- Str+6}.
  1305 | D:2      | 1305 ||| DROPPING +0 shortbow.
  1306 | D:2      | 1306 ||| DRINKING 3 viscous inky potions.
  1307 | D:2      | 1307 ||| READING 2 scrolls of identify.
  1307 | D:2      | 1307 ||| IDENTIFYING lumpy inky potion
  1338 | D:3      | Found an iron altar of Okawaru.
  1339 | D:3      | 1339 ||| PLANNING OKAWARU WORSHIP
  1339 | D:3      | 1339 ||| STAIRDANCE
  1343 | D:3      | 1343 ||| STAIRDANCE
  1347 | D:3      | 1347 ||| STAIRDANCE
  1357 | D:3      | 1357 ||| STAIRDANCE
  1361 | D:3      | 1361 ||| STAIRDANCE
  1365 | D:3      | 1365 ||| STAIRDANCE
  1369 | D:3      | 1369 ||| STAIRDANCE
  1373 | D:3      | 1373 ||| STAIRDANCE
  1377 | D:3      | 1377 ||| STAIRDANCE
  1381 | D:3      | 1381 ||| STAIRDANCE
  1385 | D:3      | 1385 ||| STAIRDANCE
  1389 | D:3      | 1389 ||| STAIRDANCE
  1393 | D:3      | 1393 ||| STAIRDANCE
  1397 | D:3      | 1397 ||| STAIRDANCE
  1401 | D:3      | 1401 ||| STAIRDANCE
  1405 | D:3      | 1405 ||| STAIRDANCE
  1409 | D:3      | 1409 ||| STAIRDANCE
  1413 | D:3      | 1413 ||| STAIRDANCE
  1417 | D:3      | 1417 ||| STAIRDANCE
  1421 | D:3      | 1421 ||| STAIRDANCE
  1438 | D:3      | Became a worshipper of Warmaster Okawaru
  1439 | D:3      | 1439 ||| PLANNING D:1-11
  1453 | D:3      | Reached XP level 4. HP: 25/25 MP: 6/6
  1476 | D:3      | Found a faded altar of an unknown god.
  1707 | D:3      | Found a sacrificial altar of Ru.
  1709 | D:3      | Noticed Grinder
  1710 | D:3      | Paralysed by Grinder for 3 turns
  1711 | D:3      | Reached skill level 8 in Ranged Weapons
  1714 | D:3      | Paralysed by Grinder for 2 turns
  1724 | D:3      | Killed Grinder
  1724 | D:3      | Reached * piety under Okawaru
  1725 | D:3      | Reached skill level 9 in Ranged Weapons
  1725 | D:3      | Reached XP level 5. HP: 29/29 MP: 7/7
  1725 | D:3      | Reached XP level 6. HP: 34/34 MP: 8/8
  1761 | D:3      | Found a radiant altar of Vehumet.
  2059 | D:3      | 2059 ||| READING scroll labelled XEDOEZ WASCHILL.
  2060 | D:3      | 2060 ||| DRINKING 2 grey potions.
  2084 | D:3      | 2084 ||| DROPPING potion of lignification.
  2103 | D:4      | 2103 ||| INVOKING Heroism.
  2107 | D:4      | 2107 ||| DRINKING 2 potions of curing.
  2107 | D:4      | 2107 ||| (to cure confusion)
  2109 | D:4      | Reached skill level 1 in Invocations
  2162 | D:4      | 2162 ||| INVOKING Heroism.
  2175 | D:4      | Reached skill level 3 in Dodging
  2333 | D:4      | Reached skill level 10 in Ranged Weapons
  2333 | D:4      | Reached XP level 7. HP: 34/40 MP: 9/11
  2371 | D:4      | 2371 ||| INVOKING Heroism.
  2379 | D:4      | Reached skill level 3 in Invocations
  2440 | D:4      | Reached ** piety under Okawaru
  2493 | D:4      | 2493 ||| FLEEEEING.
  2494 | D:4      | 2494 ||| FLEEEEING.
  2531 | D:4      | Found a burning altar of Makhleb.
  2688 | D:4      | 2688 ||| UPGRADING to +1 pair of boots.
  2693 | D:4      | 2693 ||| READING scroll of enchant armour.
  2693 | D:4      | 2693 ||| ENCHANTING +1 pair of boots.
  2694 | D:4      | 2694 ||| READING scroll labelled WASHAE WUNIT.
  2695 | D:4      | 2695 ||| READING scroll labelled ECOARUYWKI.
  2704 | D:5      | Entered Level 5 of the Dungeon
  2823 | D:5      | Reached skill level 11 in Ranged Weapons
  2830 | D:5      | Reached skill level 1 in Armour
  2866 | D:5      | 2866 ||| INVOKING Heroism.
  2896 | D:5      | 2896 ||| FLEEEEING.
  2902 | D:5      | 2902 ||| FLEEEEING.
  3014 | D:5      | Found a shimmering altar of Xom.
  3022 | D:5      | Found a shimmering blue altar of Sif Muna.
  3027 | D:5      | Found a white marble altar of Elyvilon.
  3161 | D:5      | Reached XP level 8. HP: 44/44 MP: 13/13
  3445 | D:5      | 3445 ||| UPGRADING to ring of protection from cold.
  3446 | D:5      | 3446 ||| UPGRADING to +4 ring of protection.
  3447 | D:5      | 3447 ||| READING scroll labelled LOAK RIFAFUAC.
  3448 | D:5      | 3448 ||| READING 2 scrolls of identify.
  3448 | D:5      | 3448 ||| IDENTIFYING pink potion
  3449 | D:5      | 3449 ||| DROPPING potion of attraction.
  3482 | D:6      | Noticed Menkaure
  3483 | D:6      | 3483 ||| INVOKING Heroism.
  3484 | D:6      | Killed Menkaure
  3548 | D:6      | Reached skill level 12 in Ranged Weapons
  3549 | D:6      | Found a hide-covered altar of Uskayaw.
  3603 | D:6      | Found a blossoming altar of Fedhas.
  3623 | D:6      | 3623 ||| INVOKING Heroism.
  3626 | D:6      | 3626 ||| Stepping ~*~*~tactically~*~*~ (outnumbered).
  3630 | D:6      | Reached skill level 3 in Fighting
  3714 | D:6      | 3714 ||| INVOKING Heroism.
  3893 | D:6      | Reached *** piety under Okawaru
  3894 | D:6      | Reached skill level 13 in Ranged Weapons
  3899 | D:6      | Identified the +3 tower shield of Card Tricks {rElec rF+
                  | rC++}
  4021 | D:6      | 4021 ||| INVOKING Heroism.
  4107 | D:6      | Reached XP level 9. HP: 43/50 MP: 14/14
  4110 | D:6      | Reached skill level 14 in Ranged Weapons
  4110 | D:6      | 4110 ||| INVOKING Heroism.
  4410 | D:6      | 4410 ||| DROPPING ring of wizardry.
  4411 | D:6      | 4411 ||| READING scroll labelled PUACKA WAOTYA.
  4434 | D:7      | 4434 ||| INVOKING Heroism.
  4437 | D:7      | 4437 ||| Stepping ~*~*~tactically~*~*~ (cloud).
  4443 | D:7      | Reached skill level 6 in Dodging
  4516 | D:7      | 4516 ||| Stepping ~*~*~tactically~*~*~ (outnumbered).
  4518 | D:7      | 4518 ||| INVOKING Heroism.
  4519 | D:7      | 4519 ||| Stepping ~*~*~tactically~*~*~ (outnumbered).
  4567 | D:7      | Found a staircase to the Ecumenical Temple.
  4656 | D:7      | 4656 ||| INVOKING Heroism.
  4748 | D:7      | 4748 ||| INVOKING Heroism.
  4883 | D:7      | 4883 ||| INVOKING Heroism.
  5003 | D:8      | Noticed Grum
  5004 | D:8      | 5004 ||| INVOKING Heroism.
  5016 | D:8      | Reached XP level 10. HP: 59/59 MP: 13/15
  5020 | D:8      | 5020 ||| INVOKING Heroism.
  5021 | D:8      | Killed Grum
  5070 | D:8      | Reached **** piety under Okawaru
  5071 | D:8      | Reached skill level 9 in Dodging
  5090 | D:8      | Found a snail-covered altar of Cheibriados.
  5103 | D:8      | 5103 ||| INVOKING Heroism.
  5164 | D:8      | 5164 ||| SWAPPING to +0 orcbow.
  5165 | D:8      | 5165 ||| READING scroll of enchant weapon.
  5165 | D:8      | 5165 ||| ENCHANTING +0 orcbow.
  5166 | D:8      | 5166 ||| DROPPING +11 shortbow of the Extremes {drain, rC-
                  | Str+6}.
  5181 | D:8      | 5181 ||| INVOKING Heroism.
  5184 | D:8      | Received a gift from Okawaru
  5256 | D:8      | 5256 ||| INVOKING Heroism.
  5417 | D:8      | 5417 ||| INVOKING Heroism.
  5447 | D:8      | Noticed Prince Ribbit
  5453 | D:8      | Killed Prince Ribbit
  5602 | D:8      | 5602 ||| DRINKING 2 cyan potions.
  5603 | D:8      | 5603 ||| READING 4 scrolls of identify.
  5603 | D:8      | 5603 ||| IDENTIFYING purple potion
  5604 | D:8      | 5604 ||| READING 3 scrolls of identify.
  5604 | D:8      | 5604 ||| IDENTIFYING golden potion
  5605 | D:8      | 5605 ||| READING 2 scrolls of identify.
  5605 | D:8      | 5605 ||| IDENTIFYING brown potion
  5606 | D:8      | 5606 ||| DROPPING potion of ambrosia.
  5607 | D:8      | 5607 ||| DROPPING potion of invisibility.
  5692 | D:9      | Reached skill level 15 in Ranged Weapons
  5697 | D:9      | 5697 ||| INVOKING Heroism.
  5723 | D:9      | Reached skill level 6 in Invocations
  5734 | D:9      | 5734 ||| INVOKING Heroism.
  5743 | D:9      | Reached ***** piety under Okawaru
  5892 | D:9      | 5892 ||| READING scroll of enchant weapon.
  5892 | D:9      | 5892 ||| ENCHANTING +1 orcbow.
  5896 | D:9      | Identified the +1 rapier "Ejeifake" {flame, rC- MP+9 Str+5}
  5960 | D:9      | 5960 ||| INVOKING Heroism.
  5968 | D:9      | HP: 12/60 [killer bee (7)]
  5969 | D:9      | 5969 ||| READING scroll of teleportation.
  5984 | D:9      | 5984 ||| FLEEEEING.
  6012 | D:9      | 6012 ||| FLEEEEING.
  6013 | D:9      | 6013 ||| FLEEEEING.
  6014 | D:9      | 6014 ||| FLEEEEING.
  6021 | D:9      | 6021 ||| STAIRDANCE
  6143 | D:8      | 6143 ||| READING scroll labelled WUAB WAGUTS.
  6186 | D:9      | 6186 ||| INVOKING Heroism.
  6387 | D:9      | 6387 ||| DRINKING 3 potions of curing.
  6387 | D:9      | 6387 ||| (to cure confusion)
  6388 | D:9      | 6388 ||| DRINKING 2 potions of curing.
  6388 | D:9      | 6388 ||| (to cure confusion)
  6392 | D:9      | 6392 ||| INVOKING Heroism.
  6398 | D:9      | Reached XP level 11. HP: 32/64 MP: 15/18
  6411 | D:9      | Reached skill level 16 in Ranged Weapons
  6744 | D:9      | 6744 ||| UPGRADING to ring of poison resistance.
  6746 | D:9      | 6746 ||| READING scroll labelled DAEDANG DOSORI.
  6776 | D:10     | Entered Level 10 of the Dungeon
  6785 | D:10     | 6785 ||| INVOKING Heroism.
  6885 | D:10     | Reached skill level 6 in Fighting
  7010 | D:10     | 7010 ||| INVOKING Heroism.
  7082 | D:10     | 7082 ||| INVOKING Heroism.
  7236 | D:10     | 7236 ||| INVOKING Heroism.
  7371 | D:10     | Found a staircase to the Orcish Mines.
  7502 | D:10     | 7502 ||| READING 2 scrolls of identify.
  7502 | D:10     | 7502 ||| IDENTIFYING puce potion
  7532 | D:11     | Noticed a two-headed ogre
  7533 | D:11     | 7533 ||| INVOKING Heroism.
  7546 | D:11     | HP: 16/66 [two-headed ogre/+0 giant spiked club (22)]
  7547 | D:11     | 7547 ||| STAIRDANCE
  7549 | D:10     | 7549 ||| READING 2 scrolls of teleportation.
  7550 | D:10     | 7550 ||| DRINKING potion of heal wounds.
  7551 | D:10     | Killed a two-headed ogre
  7770 | D:11     | Found a shimmering altar of Xom.
  7797 | D:11     | 7797 ||| Stepping ~*~*~tactically~*~*~ (outnumbered).
  7799 | D:11     | 7799 ||| Stepping ~*~*~tactically~*~*~ (outnumbered).
  7812 | D:11     | 7812 ||| INVOKING Heroism.
  7930 | D:11     | Reached skill level 9 in Invocations
  7930 | D:11     | 7930 ||| INVOKING Heroism.
  7933 | D:11     | 7933 ||| Stepping ~*~*~tactically~*~*~ (outnumbered).
  7934 | D:11     | 7934 ||| Stepping ~*~*~tactically~*~*~ (outnumbered).
  7948 | D:11     | Reached skill level 3 in Armour
  7966 | D:11     | HP: 15/67 [poisoned by an orc warrior]
  7967 | D:11     | 7967 ||| READING scroll of teleportation.
  7969 | D:11     | HP: 2/67 [orc warrior/+0 halberd (7)]
  7970 | D:11     | 7970 ||| INVOKING Heroism.
  7970 | D:11     | Mangled by an orc warrior

Levels and vault maps discovered:
D:1:      wander_arrival_peaceful_grave, layout_basic, hangedman_decor_growths,
          minmay_misc_feat_square, minmay_tromino_i4
D:2:      layout_basic
D:3:      layout_loops_ring, kennysheep_okawaru_gauntlet,
          nicolae_ru_great_annihilating_truth, lemuel_crystal_altar,
          shapermc_ecumenical_altar_starsandcircs, minmay_misc_feat_hallway,
          uniq_grinder
D:4:      layout_cave_pools, lemuel_coloured_pillars_altar,
          minmay_goblin_outpost
D:5:      layout_loops_ring, minmay_overflow_temple_star_quad
D:6:      layout_basic, mainiacjoe_overflow_large_starburst, roderic_lattice_a,
          uniq_menkaure
D:7:      layout_cave_pools, minmay_temple_entry_mist, minivault_22,
          kennysheep_generic_room_7
D:8:      layout_rooms, slow_altar_1, uniq_grum, uniq_prince_ribbit1
D:9:      layout_rooms
D:10:     layout_rooms, orc_0_dummy
D:11:     layout_roguey [special_room_orc], erik_lair_orcish_takeover,
          brannock_xom_greatest_gift

Skill      XL: |  1  2  3  4  5  6  7  8  9 10 11 |
---------------+----------------------------------+-----
Ranged Weapons | 6 7 9 10 11 13 14 15 16 | 16.0
Invocations    | 2 4 7 9 |  9.4
Fighting       | 2 3 5 7 |  7.0
Dodging        | 3 4 5 8 9 |  9.4
Armour         | 1 2 3 |  3.1
Stealth        | |  1.2

Action                     |  1- 3 |  4- 6 |  7- 9 | 10-12 || total
---------------------------+-------+-------+-------+-------++-------
   Fire: Shortbow          |   121 |    84 |   223 |    41 ||   469
         Orcbow            |       |       |       |   422 ||   422
 Invoke: Heroism           |       |     2 |    13 |    18 ||    33
    Use: Scroll            |     6 |     1 |     6 |    11 ||    24
         Potion            |     1 |     2 |       |     4 ||     7
 Armour: Leather armour    |     1 |       |       |       ||     1
         Ring mail         |    20 |     4 |    14 |   112 ||   150
  Dodge: Dodged            |    25 |    11 |    29 |   322 ||   387

Table legend:
 A = Non-vault XP
 B = Vault XP
 C = Vault XP percentage of total XP
 D = Non-vault monster count
 E = Vault monster count
 F = Vault count percentage of total count
                 A         B        C        D         E       F
            +---------+---------+-------+---------+---------+-------
      Total |   15935 |    1927 |  10.8 |     250 |      27 |   9.7
            +---------+---------+-------+---------+---------+-------
        D:1 |      41 |       3 |   6.8 |      20 |       2 |   9.1
        D:2 |      50 |       0 |   0.0 |      16 |       0 |   0.0
        D:3 |      59 |     294 |  83.3 |      15 |       7 |  31.8
        D:4 |     628 |       8 |   1.3 |      39 |       4 |   9.3
        D:5 |     449 |       0 |   0.0 |      14 |       0 |   0.0
        D:6 |    1621 |     172 |   9.6 |      27 |       1 |   3.6
        D:7 |    1539 |      41 |   2.6 |      29 |       1 |   3.3
        D:8 |    2233 |     948 |  29.8 |      22 |       7 |  24.1
        D:9 |    3285 |       0 |   0.0 |      27 |       0 |   0.0
       D:10 |    3558 |       0 |   0.0 |      25 |       0 |   0.0
       D:11 |    2472 |     461 |  15.7 |      16 |       5 |  23.8
            +---------+---------+-------+---------+---------+-------
